 Dungeon Crawl Stone Soup version 0.31-a0-354-g827e0957a7 (webtiles) character file.

Game seed: 2946757309550027766

338 AIAndy the Stinger (level 6, 0/47 HPs)
             Began as a Gnoll Wanderer on July 24, 2023.
             Was a Follower of Ru.
             Slain by a black bear (3 damage)
             ... on level 4 of the Dungeon.
             The game lasted 00:16:30 (3383 turns).

AIAndy the Stinger (Gnoll Wanderer)                 Turns: 3383, Time: 00:16:31

Health: 0/47       AC:  4    Str: 14    XL:     6   Next: 55%
Magic:  10/14      EV: 12    Int: 17    God:    Ru [*.....]
Gold:   255        SH:  0    Dex:  9    Spells: 14/15 levels left

rFire   . . .        B - +5 dagger of Incongruity {flame, rElec Str+4}
rCold   . . .        p - orb {*channel}
rNeg    . . .        t - +0 robe
rPois   .            v - +0 helmet
rElec   +            q - scarf {repulsion}
rCorr   .            C - +0 pair of gloves
SInv    .            (no boots)
Will    +....        (no amulet)
Stlth   ++           u - ring of willpower
HPRegen 0.27/turn    (no ring)
MPRegen 0.14/turn

%: repel missiles, channel magic (20%)
@: no status effects
A: fangs 1, hated by all, strong nose, distributed training
a: Renounce Religion


You were on level 4 of the Dungeon.
You worshipped Ru.
Ru was aware of your devotion.
You visited 1 branch of the dungeon, and saw 4 of its levels.

You collected 255 gold pieces.


Innate Abilities, Weirdness & Mutations

You have very sharp teeth.
You are hated by all.
Your uncanny sense of smell can sniff out nearby items.
Your experience applies equally to all skills.


   Skills:
 + Level 3.3 Fighting
 + Level 2.0 Short Blades
 + Level 2.0 Long Blades
 + Level 2.0 Axes
 + Level 2.0 Maces & Flails
 + Level 2.0 Polearms
 + Level 2.0 Staves
 + Level 2.0 Ranged Weapons
 + Level 2.0 Throwing
 + Level 3.3 Armour
 + Level 2.0 Dodging
 + Level 3.1 Stealth
 + Level 2.0 Shields
 + Level 2.0 Unarmed Combat
 + Level 5.4 Spellcasting
 + Level 1.6 Conjurations
 + Level 1.6 Hexes
   Level 0.0 Summonings
 + Level 1.6 Necromancy
 + Level 1.6 Translocations
 + Level 1.6 Transmutations
 + Level 2.7 Fire Magic
 + Level 1.6 Ice Magic
 + Level 1.6 Air Magic
 + Level 1.6 Earth Magic
 + Level 7.3 Poison Magic
 + Level 2.2 Invocations
 + Level 2.0 Evocations
 + Level 1.6 Shapeshifting


You had 14 spell levels left.
You knew the following spells:

 Your Spells              Type           Power      Damage    Failure   Level
z - Sting                 Tmut/Pois      76%        1d6       9%          1

Your spell library contained the following spells:

 Spells                   Type           Power      Damage    Failure   Level
 Cigotuvi's Dreadful Rot  Necr/Pois/Air  32%        N/A       14%         2
 Foxfire                  Conj/Fire      48%        2x1d6     16%         1
 Necrotise                Necr           40%        1d6       19%         1
 Slow                     Hex            40%        N/A       19%         1
 Ignite Poison            Fire/Tmut/Pois 17%        N/A       22%         3
 Inner Flame              Hex/Fire       12%        N/A       36%         3
 Confusing Touch          Hex            10%        N/A       43%         3
 Portal Projectile        Hex/Tloc       20%        N/A       43%         3
 Vampiric Draining        Necr           10%        2d6       43%         3
 Iskenderun's Mystic Bla  Conj/Tloc      10%        2d4       77%         4
 Agony                    Necr           10%        N/A       97%         5
 Tukima's Dance           Hex            Unusable   N/A       N/A         3

Inventory:

Hand Weapons
 s - a +5 antimagic scythe
 B - the +5 dagger of Incongruity (weapon) {flame, rElec Str+4}
   (You found it on level 4 of the Dungeon)

   Str:       It affects your strength (+4).
   rElec:     It insulates you from electricity.
Missiles
 i - 3 boomerangs (quivered)
Armour
 c - a +0 scale mail
 p - an orb of energy (worn)
 q - a scarf of repulsion (worn)
 t - a +0 robe (worn)
 v - a +0 helmet (worn)
 C - a +0 pair of gloves (worn)
Jewellery
 u - a ring of willpower (left hand)
 H - an amulet of faith {!P}
Wands
 a - a wand of polymorph (15)
 r - a wand of flame (7)
Scrolls
 b - a scroll of blinking
 d - a scroll of revelation {unknown}
 e - 2 scrolls of teleportation {unknown}
 h - a scroll of butterflies {unknown}
 k - 4 scrolls of poison {unknown}
 l - a scroll of torment {unknown}
 m - a scroll of immolation {unknown}
 w - 2 scrolls of identify {unknown}
 y - a scroll of enchant armour {unknown}
 D - a scroll of fog {unknown}
Potions
 f - a potion of enlightenment {unknown}
 g - 2 potions of mutation {unknown}
 j - a potion of curing {unknown}
 n - a potion of heal wounds {unknown}
 o - a potion of brilliance {unknown}
 x - a potion of magic {unknown}
 z - a potion of berserk rage {unknown}
 A - 3 potions of might {unknown}

Dungeon Overview and Level Annotations

Branches:
Dungeon (4/15)             Temple (0/1) D:4

Altars:
Makhleb
Ru

........# #.# #.#
#.# .. #.# . #..
#.# ...... #.#
.#... #h#
...######@#
#######......#...#
...........#.#.###
....#........#.#
#.###))......#.#
........#....#.#
##.#..#.# ...#.#
........# ...#.#
#.......#.# #.#


You could see a black bear (berserk, very poisoned).


Message History

Casting: Sting (safe; 9% risk of failure)
Confirm with . or Enter, or press ? or * to list all spells.
Aiming: Sting (safe; 9% risk of failure)
Press: ? - help, Shift-Dir - straight line, f/p - black bear
Aim: a black bear (severely wounded, berserk, very poisoned, 81% to hit)
The sting hits the black bear.
The black bear looks as sick as possible!
The black bear is almost dead.
The black bear closely misses you. The black bear claws you.
* * * LOW HITPOINT WARNING * * *
The black bear claws you.
* * * LOW HITPOINT WARNING * * *
Your magical contamination has completely faded away.
The black bear attacks as you move away!
The black bear bites you!
* * * LOW HITPOINT WARNING * * *
The black bear barely misses you. The black bear claws you.
* * * LOW HITPOINT WARNING * * *
The black bear attacks as you move away!
The black bear bites you.
* * * LOW HITPOINT WARNING * * *
The black bear claws you but does no damage.
The black bear misses you.
The black bear bites you but does no damage.
The black bear closely misses you.
The black bear claws you but does no damage.
Okay, then.
The black bear bites you but does no damage.
The black bear claws you.
You die...

Skill      XL: |  1  2  3  4  5  6 |
---------------+-------------------+-----
Fire Magic     | 2 |  2.7
Spellcasting   | 5 |  5.4
Invocations    | 1 2 |  2.2
Short Blades   | 1 2 |  2.0
Long Blades    | 1 2 |  2.0
Axes           | 1 2 |  2.0
Maces & Flails | 1 2 |  2.0
Polearms       | 1 2 |  2.0
Staves         | 1 2 |  2.0
Ranged Weapons | 1 2 |  2.0
Throwing       | 1 2 |  2.0
Dodging        | 1 2 |  2.0
Shields        | 1 2 |  2.0
Unarmed Combat | 1 2 |  2.0
Evocations     | 1 2 |  2.0
Fighting       | 3 |  3.3
Armour         | 3 |  3.3
Stealth        | 3 |  3.1
Conjurations   | 1 |  1.6
Hexes          | 1 |  1.6
Summonings     | 1 0 |  0.0
Necromancy     | 1 |  1.6
Translocations | 1 |  1.6
Transmutations | 1 |  1.6
Ice Magic      | 1 |  1.6
Air Magic      | 1 |  1.6
Earth Magic    | 1 |  1.6
Shapeshifting  | 1 |  1.6
Poison Magic   | |  7.3

Action                     |  1- 3 |  4- 6 || total
---------------------------+-------+-------++-------
  Melee: Club              |     1 |     2 ||     3
         Dagger            |       |    24 ||    24
         Bite              |       |     3 ||     3
  Throw: Boomerang         |       |     3 ||     3
   Cast: Sting             |    58 |    93 ||   151
 Invoke: Sacrifice Love    |       |     1 ||     1
 Armour: Robe              |       |    17 ||    17
  Dodge: Dodged            |    11 |    40 ||    51
         Repelled          |       |     2 ||     2

Levels and vault maps discovered:
D:1:      spicycebolla_green_bress_n_ham, layout_basic, minmay_hedge_maze,
          hangedman_decor_opposing, chequers_arboretum, supply_closet_lemuel,
          hangedman_decor_peaks_small, minivault_26, minmay_misc_feat_rugged
D:2:      layout_loops_ring, hellmonk_ecumenical_altar_arch_garden, basic_altar,
          uniq_sigmund
D:3:      layout_loops_ring, makhleb_altar_promises_db, uniq_robin
D:4:      layout_basic, temple_green, minmay_manual_moon

Notes
Turn   | Place    | Note
-------+----------+-------------------------------------------
     0 | D:1      | AIAndy the Gnoll Wanderer began the quest for the Orb.
     0 | D:1      | AIAndy set off with the following items: a +0 club, a
                  | scroll of blinking, a +0 scale mail; and the following
                  | spells available to memorise: Sting, Cigotuvi's Dreadful
                  | Rot, Foxfire, Ignite Poison, Inner Flame.
     0 | D:1      | Reached XP level 1. HP: 17/17 MP: 6/6
     7 | D:1      | Learned a level 1 spell: Sting
   198 | D:1      | Reached skill level 2 in Fire Magic
   309 | D:1      | Reached XP level 2. HP: 23/23 MP: 1/7
  1046 | D:2      | Reached skill level 5 in Spellcasting
  1046 | D:2      | Reached XP level 3. HP: 20/28 MP: 3/9
  1165 | D:2      | Reached skill level 1 in Invocations
  1261 | D:2      | Found a faded altar of an unknown god.
  1314 | D:2      | Reached skill level 1 in Short Blades
  1314 | D:2      | Reached skill level 1 in Long Blades
  1314 | D:2      | Reached skill level 1 in Axes
  1314 | D:2      | Reached skill level 1 in Maces & Flails
  1314 | D:2      | Reached skill level 1 in Polearms
  1314 | D:2      | Reached skill level 1 in Staves
  1314 | D:2      | Reached skill level 1 in Ranged Weapons
  1314 | D:2      | Reached skill level 1 in Throwing
  1314 | D:2      | Reached skill level 1 in Dodging
  1314 | D:2      | Reached skill level 1 in Shields
  1314 | D:2      | Reached skill level 1 in Unarmed Combat
  1314 | D:2      | Reached skill level 1 in Evocations
  1351 | D:2      | Reached XP level 4. HP: 34/34 MP: 8/11
  1596 | D:2      | Found a sacrificial altar of Ru.
  1609 | D:2      | Became a worshipper of Ru the Awakened
  1834 | D:2      | Noticed Sigmund
  1851 | D:2      | Killed Sigmund
  1852 | D:2      | Reached skill level 3 in Fighting
  1852 | D:2      | Reached skill level 3 in Armour
  1852 | D:2      | Reached skill level 3 in Stealth
  1852 | D:2      | Reached skill level 1 in Conjurations
  1852 | D:2      | Reached skill level 1 in Hexes
  1852 | D:2      | Reached skill level 1 in Summonings
  1852 | D:2      | Reached skill level 1 in Necromancy
  1852 | D:2      | Reached skill level 1 in Translocations
  1852 | D:2      | Reached skill level 1 in Transmutations
  1852 | D:2      | Reached skill level 1 in Ice Magic
  1852 | D:2      | Reached skill level 1 in Air Magic
  1852 | D:2      | Reached skill level 1 in Earth Magic
  1852 | D:2      | Reached skill level 2 in Invocations
  1852 | D:2      | Reached skill level 1 in Shapeshifting
  1852 | D:2      | Reached XP level 5. HP: 12/41 MP: 8/12
  1852 | D:2      | Reached XP level 6. HP: 14/47 MP: 8/13
  2216 | D:3      | Noticed Robin
  2240 | D:3      | Killed Robin
  2811 | D:3      | Found a burning altar of Makhleb.
  2813 | D:3      | Noticed a green death
  2817 | D:3      | Noticed an orange demon
  2817 | D:3      | Noticed a smoke demon
  3050 | D:4      | Reached skill level 2 in Short Blades
  3050 | D:4      | Reached skill level 2 in Long Blades
  3050 | D:4      | Reached skill level 2 in Axes
  3050 | D:4      | Reached skill level 2 in Maces & Flails
  3050 | D:4      | Reached skill level 2 in Polearms
  3050 | D:4      | Reached skill level 2 in Staves
  3050 | D:4      | Reached skill level 2 in Ranged Weapons
  3050 | D:4      | Reached skill level 2 in Throwing
  3050 | D:4      | Reached skill level 2 in Dodging
  3050 | D:4      | Reached skill level 2 in Shields
  3050 | D:4      | Reached skill level 2 in Unarmed Combat
  3050 | D:4      | Reached skill level 2 in Evocations
  3128 | D:4      | Found a staircase to the Ecumenical Temple.
  3211 | D:4      | Identified the +5 dagger of Incongruity {flame, rElec
                  | Str+4}
  3295 | D:4      | Gained mutation: You are hated by all. [Ru sacrifice]
  3295 | D:4      | Reduced skill Summonings to level 0
  3295 | D:4      | Reached * piety under Ru
  3370 | D:4      | Noticed a black bear
  3381 | D:4      | HP: 2/47 [black bear (3)]
  3383 | D:4      | Slain by a black bear

Vanquished Creatures
  Sigmund (D:2)
  A howler monkey (D:4)
  A sleepcap (D:4)
  Robin (D:3)
  5 adders
  4 dart slugs (D:2)
  2 bats (D:2)
  3 endoplasms
  6 giant cockroaches
  13 goblins
  5 hobgoblins
  4 kobolds
  3 quokkas
  9 ball pythons
  2 frilled lizards
  7 rats
67 creatures vanquished.

Table legend: (Time is in decaauts)
 A = Elapsed time spent in this place.
 B = Non-inter-level travel time spent in this place.
 C = Inter-level travel time spent in this place.
 D = Time resting spent in this place.
 E = Time spent auto-exploring this place.
 F = Levels seen in this place.
 G = Mean time per level.
                   A        B        C        D        E       F      G
               +--------+--------+--------+--------+--------+-----+--------+
         Total |   3374 |   3285 |     89 |     29 |   2719 |   4 |  843.5 |
       Dungeon |   3374 |   3285 |     89 |     29 |   2719 |   4 |  843.5 |
               +--------+--------+--------+--------+--------+-----+--------+

Top non-repeatable levels by time:
     D:2: 1208 daAuts
     D:1: 933 daAuts
     D:3: 890 daAuts
     D:4: 342 daAuts

Table legend:
 A = Non-vault XP
 B = Vault XP
 C = Vault XP percentage of total XP
 D = Non-vault monster count
 E = Vault monster count
 F = Vault count percentage of total count
                 A         B        C        D         E       F
            +---------+---------+-------+---------+---------+-------
      Total |     239 |     245 |  50.6 |      54 |      13 |  19.4
            +---------+---------+-------+---------+---------+-------
        D:1 |      26 |       0 |   0.0 |      16 |       0 |   0.0
        D:2 |      92 |     210 |  69.5 |      21 |       1 |   4.5
        D:3 |      26 |      35 |  57.4 |      10 |      12 |  54.5
        D:4 |      95 |       0 |   0.0 |       7 |       0 |   0.0
            +---------+---------+-------+---------+---------+-------
